 Dungeon Crawl Stone Soup version 0.31-a0-246-g8cbcc1cb85 (webtiles) character file.

Game seed: 9096933757321199357

353 qw the Shooter (level 6, -6/53 HPs)
             Began as a Minotaur Hexslinger on July 12, 2023.
             Mangled by Pikel
             ... wielding a +1 whip of flaming
              (9 damage)
             ... on level 4 of the Dungeon.
             The game lasted 00:01:30 (3783 turns).

qw the Shooter (Minotaur Hexslinger)                Turns: 3783, Time: 00:01:30

Health: -6/53      AC:  5    Str: 13    XL:     6   Next: 35%
Magic:  6/6        EV: 16    Int: 10    God:
Gold:   118        SH:  0    Dex: 14    Spells: 6/7 levels left

rFire   . . .        Y - +1 sling (freeze)
rCold   . . .        (no shield)
rNeg    . . .        d - +0 ring mail
rPois   .            (helmet restricted)
rElec   .            (no cloak)
rCorr   .            (no gloves)
SInv    .            (no boots)
Will    .....        (no amulet)
Stlth   +            g - +5 ring of evasion
HPRegen 0.28/turn    (no ring)
MPRegen 0.10/turn

%: no passive effects
@: no status effects
A: horns 2, retaliatory headbutt
a: no special abilities


You were on level 4 of the Dungeon.
You visited 1 branch of the dungeon, and saw 4 of its levels.
You also visited: Sewer.

You collected 183 gold pieces.
You spent 65 gold pieces at shops.


Innate Abilities, Weirdness & Mutations

You have a pair of horns on your head.
You reflexively headbutt those who attack you in melee.


   Skills:
 - Level 4.6 Fighting
 + Level 6.1 Ranged Weapons
 - Level 1.0 Armour
 - Level 2.1 Dodging
 - Level 1.0 Spellcasting
 - Level 2.0 Hexes


You had 6 spell levels left.
You knew the following spells:

 Your Spells              Type           Power      Damage    Failure   Level
a - Slow                  Hex            16%        N/A       32%         1

Your spell library contained the following spells:

 Spells                   Type           Power      Damage    Failure   Level
 Inner Flame              Hex/Fire       2%         N/A       82%         3
 Portal Projectile        Hex/Tloc       4%         N/A       82%         3
 Cause Fear               Hex            2%         N/A       97%         4

Inventory:

Hand Weapons
 Y - a +1 sling of freezing (weapon)
Armour
 d - a +0 ring mail (worn)
Jewellery
 g - a +5 ring of evasion (left hand)
Scrolls
 b - 3 scrolls of enchant weapon {unknown}
 e - a scroll of identify
Potions
 a - 6 potions of enlightenment
 c - a potion of might
 f - a potion of lignification {unknown}

Dungeon Overview and Level Annotations

Branches:
Dungeon (4/15)              Sewer (visited)
 Temple: D:4-7

Altars:
Cheibriados
Hepliaklqana
Yredelemnul

Shops:
D:1 !

Annotations:
D:4 Pikel


Message History

The lemure hits you. The lemure hits you! The adder bites you.
The lemure hits you but does no damage.
You shoot a sling bullet.
The sling bullet closely misses the lemure.
The sling bullet hits the lemure.
The sling bullet freezes the lemure.
The lemure is lightly wounded.
The adder completely misses you. The adder misses you.
The lemure completely misses you. You furiously retaliate!
You headbutt the lemure.
Pikel zaps a wand.
The puff of flame hits you.
You shoot a sling bullet. The sling bullet hits the lemure.
The sling bullet freezes the lemure.
The lemure is heavily wounded.
The adder closely misses you. The lemure barely misses you. Pikel misses you.
You shoot a sling bullet.
The sling bullet hits the lemure but does no damage.
The lemure is moderately wounded.
The adder barely misses you. You furiously retaliate!
You headbutt the adder! The lemure closely misses you. You furiously retaliate!
You headbutt the lemure!
Pikel zaps a wand.
The puff of flame hits you! The adder bites you but does no damage.
You shoot a sling bullet. The sling bullet hits the lemure!
The sling bullet freezes the lemure.
You kill the lemure!
That felt strangely unrewarding.
The adder misses you.
Pikel zaps a wand.
The puff of flame hits you.
You shoot a sling bullet.
The sling bullet barely misses the adder.
The adder bites you. The lemure completely misses you.
Pikel closely misses you. You furiously retaliate!
You headbutt Pikel. You shoot a sling bullet. The sling bullet hits Pikel.
The sling bullet freezes Pikel.
Pikel is moderately wounded.
The lemure hits you.
Pikel says, "You'll freeze in Cocytus!"
Pikel barely misses you. The lemure misses you. The lemure hits you!
Pikel zaps a wand.
The puff of flame misses you.
You shoot a sling bullet. The sling bullet closely misses Pikel.
The sling bullet closely misses the adder.
Pikel hits you with a +1 whip of flaming!
You die...

#.....# ##
#.....# .#
#.....# ..# .
#.....# $.# ..
.....##.##.##
.....#.....
#####..5...###
#.....@KS.....
#.###.#5......
#.#5...... .##
##.#....... ..#
#..#.......
#.####.##......#
#.##...# .......
#.##.### #....#$
#.##.#


You could see Pikel, 3 lemures and an adder.

Vanquished Creatures
  A lemure (D:4)
  A bullfrog (D:4)
  Ijyb (D:3)
  Robin (D:2)
  8 adders
  3 river rats (Sewer)
  6 worms
  3 dart slugs (D:2)
  4 orcs
  8 ball pythons
  18 bats
  10 endoplasms
  5 giant cockroaches
  16 goblins
  8 hobgoblins
  8 jackals
  3 quokkas
  9 frilled lizards
  4 kobolds
  5 rats
122 creatures vanquished.

Notes
Turn   | Place    | Note
-------+----------+-------------------------------------------
     0 | D:1      | qw the Minotaur Hexslinger began the quest for the Orb.
     0 | D:1      | Reached XP level 1. HP: 16/16 MP: 1/1
     0 | D:1      | 0 ||| qw: Version: 0.3-a-52-g30416fa
     0 | D:1      | 0 ||| qw: Game counter: 6257
     0 | D:1      | 0 ||| qw: Melee chars always use a shield: true
     0 | D:1      | 0 ||| qw: God list: Okawaru
     0 | D:1      | 0 ||| qw: Allow faded altars: false
     0 | D:1      | 0 ||| qw: Do Orc after clearing Dungeon:15 true
     0 | D:1      | 0 ||| qw: Do second Lair branch before Depths: true
     0 | D:1      | 0 ||| qw: Lair rune preference: random
     0 | D:1      | 0 ||| qw: Goals: Normal
     0 | D:1      | 0 ||| PLANNING D:1-11
    65 | D:1      | Reached skill level 3 in Ranged Weapons
    65 | D:1      | Reached XP level 2. HP: 23/23 MP: 2/2
   340 | D:1      | Found Reoth's Distillery.
   347 | D:1      | 347 ||| SHOPLISTING potion of haste (130 gold, have 75).
   347 | D:1      | 347 ||| BUYING potion of heal wounds (65 gold).
   347 | D:1      | Bought a potion of heal wounds for 65 gold pieces
   347 | D:1      | 347 ||| SHOPLISTING potion of heal wounds (65 gold, have
                  | 10).
   347 | D:1      | 347 ||| SHOPLISTING potion of mutation (104 gold, have 10).
   478 | D:1      | Reached XP level 3. HP: 29/29 MP: 3/3
   622 | D:1      | 622 ||| UPGRADING to +0 ring mail.
   632 | D:1      | 632 ||| DROPPING +0 robe.
   633 | D:1      | 633 ||| READING scroll labelled BUREYKKULU.
   634 | D:1      | 634 ||| DROPPING scroll of poison.
   723 | D:2      | Reached skill level 4 in Ranged Weapons
   781 | D:2      | Noticed Robin
   787 | D:2      | Reached skill level 1 in Armour
   790 | D:2      | HP: 6/29 [goblin/+0 dagger[Robin] (2)]
   791 | D:2      | 791 ||| DRINKING potion of heal wounds.
   802 | D:2      | Killed Robin
   803 | D:2      | Reached XP level 4. HP: 15/36 MP: 4/4
   826 | D:2      | 826 ||| FLEEEEING.
   831 | D:2      | 831 ||| FLEEEEING.
  1144 | D:2      | Reached skill level 5 in Ranged Weapons
  1622 | D:2      | 1622 ||| READING scroll labelled ISCHITS FOQE.
  1723 | D:2      | 1723 ||| READING scroll labelled LUILUJ ALEWAN.
  1789 | D:2      | 1789 ||| DRINKING 2 white potions.
  1790 | D:2      | 1790 ||| DRINKING 2 inky potions.
  1826 | D:3      | 1826 ||| PLANNING SEWER
  1865 | D:3      | Found a basalt altar of Yredelemnul.
  1879 | D:3      | Noticed Ijyb
  1888 | D:3      | Paralysed by Ijyb for 3 turns
  1901 | D:3      | Killed Ijyb
  1902 | D:3      | Reached skill level 3 in Fighting
  1902 | D:3      | Reached XP level 5. HP: 13/45 MP: 5/5
  2393 | D:3      | Found a glowing drain.
  2394 | D:3      | 2394 ||| UPGRADING to +5 ring of evasion.
  2395 | D:3      | 2395 ||| READING scroll labelled BEKIWI BISMUG.
  2396 | D:3      | 2396 ||| READING scroll labelled ZOUG YRCHIH.
  2397 | D:3      | 2397 ||| READING scroll labelled MUMUODWEOCESCH.
  2475 | Sewer    | Entered a sewer
  2568 | Sewer    | 2568 ||| Stepping ~*~*~tactically~*~*~ (water).
  2570 | Sewer    | 2570 ||| Stepping ~*~*~tactically~*~*~ (water).
  2657 | Sewer    | Reached skill level 6 in Ranged Weapons
  2940 | Sewer    | Reached XP level 6. HP: 51/51 MP: 6/6
  2998 | Sewer    | 2998 ||| READING scroll of brand weapon.
  2998 | Sewer    | 2998 ||| BRANDING +1 sling of flaming.
  3167 | Sewer    | 3167 ||| READING scroll labelled UKHLIQ YTIPERR.
  3168 | Sewer    | 3168 ||| READING scroll labelled EFUXUM EKALOMY.
  3169 | Sewer    | 3169 ||| READING scroll labelled VAIC ACKOETAZ.
  3192 | D:3      | 3192 ||| PLANNING D:1-11
  3279 | D:3      | Found a snail-covered altar of Cheibriados.
  3465 | D:3      | Found a hazy altar of Hepliaklqana.
  3612 | D:3      | 3612 ||| READING scroll labelled KEF CEOMAMMEH.
  3613 | D:3      | 3613 ||| READING 2 scrolls labelled KARUTY ILLES.
  3614 | D:3      | 3614 ||| DROPPING scroll of noise.
  3769 | D:4      | Noticed Pikel
  3782 | D:4      | HP: 11/53 [lemure[Pikel] (3)]
  3782 | D:4      | HP: 3/53 [lemure[Pikel] (8)]
  3783 | D:4      | Mangled by Pikel

Levels and vault maps discovered:
D:1:      dpeg_arrival_simpleton_b, layout_loops_ring, serial_shops, shop
D:2:      layout_basic, st_stairs_7, minmay_tromino_v4_b, uniq_robin
D:3:      layout_loops_corners, mainiacjoe_overflow_brackets,
          mainiacjoe_overflow_six_doors_small, nicolae_overflow_hidden_temple,
          portal_sewer_entry_a, uniq_ijyb
D:4:      layout_rooms, minmay_misc_feat_rugged, st_stairs_11,
          chequers_serial_rivers_micro_b, minmay_distorted,
          uniq_crazy_yiuf_cottage, uniq_pikel

Skill      XL: |  1  2  3  4  5  6 |
---------------+-------------------+-----
Ranged Weapons | 3 4 5 6 |  6.1
Fighting       | 2 3 4 |  4.6
Armour         | 1 |  1.0
Dodging        | |  2.1
Spellcasting   | |  1.0
Hexes          | |  2.0

Action                     |  1- 3 |  4- 6 || total
---------------------------+-------+-------++-------
   Fire: Sling             |   108 |   252 ||   360
    Use: Scroll            |     1 |    11 ||    12
         Potion            |     1 |     2 ||     3
 Armour: Robe              |    12 |       ||    12
         Ring mail         |    17 |    35 ||    52
  Dodge: Dodged            |    61 |   101 ||   162

Table legend:
 A = Non-vault XP
 B = Vault XP
 C = Vault XP percentage of total XP
 D = Non-vault monster count
 E = Vault monster count
 F = Vault count percentage of total count
                 A         B        C        D         E       F
            +---------+---------+-------+---------+---------+-------
      Total |     252 |     253 |  50.1 |      66 |      55 |  45.5
            +---------+---------+-------+---------+---------+-------
        D:1 |      45 |       0 |   0.0 |      25 |       0 |   0.0
        D:2 |      74 |      44 |  37.3 |      24 |      17 |  41.5
        D:3 |      32 |      45 |  58.4 |      12 |       4 |  25.0
        D:4 |     101 |       2 |   1.9 |       5 |       1 |  16.7
      Sewer |       0 |     162 | 100.0 |       0 |      33 | 100.0
            +---------+---------+-------+---------+---------+-------
